 Dungeon Crawl Stone Soup version 0.30.1-11-g7821555f0a (webtiles) character file.

Game seed: 10254946028096468466

455 CaptainMV the Sneak (level 7, -2/61 HPs)
             Began as a Naga Wanderer on Nov 23, 2023.
             Slain by a killer bee (8 damage)
             ... on level 4 of the Dungeon.
             The game lasted 00:24:13 (2922 turns).

CaptainMV the Sneak (Naga Wanderer)                 Turns: 2922, Time: 00:24:14

Health: -2/61      AC:  5    Str: 13    XL:     7   Next: 5%
Magic:  10/11      EV:  9    Int: 15    God:
Gold:   191        SH:  0    Dex: 11    Spells: 7/12 levels left

rFire   . . .        b - +1 dagger (venom)
rCold   . . .        (no shield)
rNeg    . . .        d - +1 robe
rPois   +            (no helmet)
rElec   .            (no cloak)
rCorr   .            f - +0 pair of gloves
SInv    +            (no barding)
Will    .....        x - amulet of regeneration
Stlth   +++          (no ring)
HPRegen 1.10/turn    (no ring)
MPRegen 0.12/turn

%: no passive effects
@: lethally poisoned (-2 -> -3), very slow
A: AC +2, large, see invisible, deformed body, poison resistance, slowness 2,
spit poison 1, naga tail 1
a: Spit Poison


You were on level 4 of the Dungeon.
You visited 1 branch of the dungeon, and saw 4 of its levels.

You collected 191 gold pieces.

Inventory:

Hand Weapons
 a - a +0 heavy arbalest
 b - a +1 dagger of venom (weapon)
 c - a +0 dagger of speed
 e - a +0 spear
Missiles
 k - 2 javelins
 n - 4 poisoned darts
Armour
 d - a +1 robe (worn)
 f - a +0 pair of gloves (worn)
Jewellery
 v - a ring of protection from fire
 x - an amulet of regeneration (around neck)
Wands
 o - a wand of iceblast (3)
Scrolls
 q - a scroll of poison
 y - 2 scrolls of enchant armour
Potions
 g - 2 potions of degeneration
 h - a potion of magic
 i - a potion of cancellation {unknown}
 j - 2 potions of heal wounds {unknown}
 l - 2 potions of mutation {unknown}
 m - a potion of berserk rage {unknown}
 p - a potion of flight {unknown}
 r - a potion of resistance {unknown}
 s - a potion of haste {unknown}
 w - a potion of might {unknown}
 z - 2 potions of lignification {unknown}
Miscellaneous
 u - a piece from Xom's chessboard (15/15) (quivered)


   Skills:
 + Level 2.8 Fighting
 + Level 2.3 Short Blades
 + Level 1.0 Polearms
 + Level 2.0 Ranged Weapons
 + Level 1.5 Dodging
 + Level 6.5 Stealth
 + Level 3.1 Spellcasting
 + Level 2.7 Hexes
 + Level 1.0 Transmutations
 + Level 1.0 Invocations


You had 7 spell levels left.
You knew the following spells:

 Your Spells              Type           Power      Damage    Failure   Level
a - Slow                  Hex            40%        N/A       6%          1
b - Beastly Appendage     Tmut           10%        N/A       13%         1
c - Portal Projectile     Hex/Tloc       12%        N/A       32%         3

Your spell library contained the following spells:

 Spells                   Type           Power      Damage    Failure   Level
 Wereblood                Tmut           5%         N/A       19%         2
 Spider Form              Tmut/Pois      3%         N/A       43%         3
 Leda's Liquefaction      Hex/Erth       3%         N/A       75%         4


Dungeon Overview and Level Annotations

Branches:
Dungeon (4/15)
 Temple: D:4-7

Altars:
Xom


Innate Abilities, Weirdness & Mutations

Your serpentine skin is tough. (AC +2)
You have supernaturally acute eyesight. (SInv)
Armour fits poorly on your strangely shaped body.
Your system is resistant to poisons. (rPois)
You cover ground very slowly.
You can spit poison.
You have a snake-like lower body.


Message History

2 killer bees come into view.
The killer bee buzzes angrily. x3
The killer bee stings you.
You hear a shout!
You closely miss the killer bee.
The killer bee stings you but does no damage.
You barely miss the killer bee.
The killer bee stings you but does no damage.
The killer bee stings you! The killer bee barely misses you.
The killer bee stings you. The killer bee completely misses you.
The killer bee barely misses you. The killer bee closely misses you.
You see here a +0 scale mail.
The killer bee stings you but does no damage.
The killer bee stings you!
You are poisoned.
The killer bee poisons you! The killer bee barely misses you.
The killer bee stings you but does no damage.
A ball python comes into view.
The killer bee stings you but does no damage. x2
The killer bee stings you.
You see here a killer bee corpse.
The killer bee attacks as you move away!
The killer bee stings you but does no damage.
The killer bee attacks as you move away!
The killer bee stings you but does no damage.
The killer bee attacks as you move away!
The killer bee stings you!
You feel very sick. The killer bee stings you. x2
The killer bee attacks as you move away!
The killer bee stings you!
* * * LOW HITPOINT WARNING * * *
You feel sick. The killer bee stings you.
* * * LOW HITPOINT WARNING * * *
You feel sick. The killer bee stings you.
* * * LOW HITPOINT WARNING * * *
The killer bee closely misses you. The killer bee stings you.
* * * LOW HITPOINT WARNING * * *
You feel sick. The killer bee stings you!
You die...

♣♣ ♣♣P♣....P..♣...#.#. P♣
♣♣P..P...♣♣♣......#.
P♣♣♣.P.P#.#..P♣P.#.#.#.
.♣♣.PP..<.....PPP#.#..
..........#.....##†#.# #
.#...........##....#.# .#
...##....<#.######.#.##.##
##.####)####....##y#.#...##.
###.......##...@yy.y.......
#.8#####8.########†#...##.
#.##...##.# #.[..>..#
#.#.8.8.#.# #.......#
#.#..<..#.# #..####.#
#.#.8.8.#.# #..# #
#.##...##.# ...# #.8##.##8.#
.#... ##.......## .##.S.


You could see 4 killer bees.

Vanquished Creatures
  An ogre (D:4)
  2 killer bees (D:4)
  An orc priest (D:3)
  A jelly (D:2)
  2 iguanas (D:4)
  Ijyb (D:2)
  An orc wizard (D:3)
  4 adders
  A dart slug (D:3)
  3 orcs (D:3)
  8 ball pythons
  5 endoplasms
  3 giant cockroaches
  14 goblins
  4 hobgoblins
  11 kobolds
  5 quokkas
  7 bats
  5 frilled lizards
  7 rats
  2 butterflies (D:3)
88 creatures vanquished.

Vanquished Creatures (collateral kills)
  A kobold (D:4)
1 creature vanquished.

Grand Total: 89 creatures vanquished

Notes
Turn   | Place    | Note
-------+----------+-------------------------------------------
     0 | D:1      | CaptainMV the Naga Wanderer began the quest for the Orb.
     0 | D:1      | CaptainMV set off with the following items: a +0 spear, a
                  | +0 pair of gloves, a scroll of blinking, a +0 robe; and the
                  | following spell memorised: Slow; and the following spells
                  | available to memorise: Portal Projectile, Leda's
                  | Liquefaction.
     0 | D:1      | Reached XP level 1. HP: 19/19 MP: 2/2
    48 | D:1      | Learned a level 1 spell: Beastly Appendage
   375 | D:1      | Reached XP level 2. HP: 21/26 MP: 4/4
   785 | D:1      | Reached skill level 5 in Stealth
   851 | D:2      | Reached XP level 3. HP: 32/32 MP: 3/5
   922 | D:2      | Noticed Ijyb
   943 | D:2      | Killed Ijyb
   944 | D:2      | Reached skill level 1 in Short Blades
   944 | D:2      | Reached XP level 4. HP: 29/40 MP: 6/6
  1184 | D:2      | Noticed a phantom
  1193 | D:2      | Found a faded altar of an unknown god.
  1611 | D:2      | Reached XP level 5. HP: 42/46 MP: 8/8
  1868 | D:2      | HP: 2/46 [phantom (6)]
  2089 | D:3      | Reached skill level 6 in Stealth
  2122 | D:3      | Found a shimmering altar of Xom.
  2141 | D:3      | Learned a level 3 spell: Portal Projectile
  2270 | D:3      | Reached skill level 1 in Dodging
  2619 | D:4      | Noticed an ogre
  2632 | D:4      | Killed an ogre
  2633 | D:4      | Reached skill level 1 in Ranged Weapons
  2633 | D:4      | Reached skill level 1 in Transmutations
  2633 | D:4      | Reached XP level 6. HP: 13/55 MP: 9/9
  2912 | D:4      | Reached XP level 7. HP: 47/61 MP: 9/11
  2922 | D:4      | Slain by a killer bee

Illustrated notes

Levels and vault maps discovered:
D:1:      matt_arrival_grand_opening, layout_basic, minmay_3d_cube
D:2:      kennysheep_the_goblin_king, layout_loops_corners,
          hellmonk_ecumenical_altar_heavens_door, lexackson_kobold_supper
D:3:      layout_basic, xom_butterflies
D:4:      layout_loops_ring, nicolae_vehumet_altar_sigil, serial_shops,
          kennysheep_mini_moat, serial_forest, infiniplex_forest_straight_5,
          infiniplex_forest_clump_diagonal, infiniplex_forest_straight_3,
          infiniplex_forest_clump_large, infiniplex_forest_end_2,
          infiniplex_forest_clump_small, infiniplex_forest_corner_1,
          grunt_ministairs_11, ebering_dispersal_statue_hall

Skill      XL: |  1  2  3  4  5  6 |
---------------+-------------------+-----
Stealth        | 5 6 |  6.5
Short Blades   | 1 2 |  2.3
Spellcasting   | 2 3 |  3.1
Dodging        | 1 |  1.5
Ranged Weapons | 1 2 |  2.0
Transmutations | 1 |  1.0
Fighting       | |  2.8
Polearms       | |  1.0
Hexes          | |  2.7
Invocations    | |  1.0

Action                     |  1- 3 |  4- 6 |  7- 9 || total
---------------------------+-------+-------+-------++-------
  Melee: Dagger            |    77 |   191 |     2 ||   270
         Headbutt          |     1 |     8 |       ||     9
         Punch             |     1 |     2 |       ||     3
   Fire: Arbalest          |       |    15 |       ||    15
   Cast: Slow              |     9 |     4 |       ||    13
         Beastly Appendage |     5 |     7 |       ||    12
         Portal Projectile |       |     3 |       ||     3
Ability: Spit Poison       |     2 |     1 |       ||     3
  Evoke: Piece from Xom's  |       |     1 |       ||     1
    Use: Scroll            |     5 |     8 |       ||    13
         Potion            |       |     2 |       ||     2
   Stab: Sleeping          |     6 |     5 |       ||    11
         Petrified         |       |     1 |       ||     1
 Armour: Robe              |    15 |    49 |     8 ||    72
  Dodge: Dodged            |    24 |    72 |     6 ||   102
